 Dungeon Crawl Stone Soup version 0.27.0-1-g7a089689b8 (webtiles) character file.

Game seed: 3204995300013990193

158 Naeght the Poker (level 5, -8/38 HPs)
             Began as a Merfolk Gladiator on Aug 17, 2021.
             Mangled by an iron imp (10 damage)
             ... on level 2 of the Dungeon.
             The game lasted 00:03:07 (3916 turns).

Naeght the Poker (Merfolk Gladiator)                Turns: 3916, Time: 00:03:08

Health: -8/38      AC:  5    Str: 16    XL:     5   Next: 40%
Magic:  5/5        EV: 13    Int:  7    God:
Gold:   111        SH:  0    Dex: 15    Spells: 4/4 levels left

rFire    . . .     SeeInvis .   e - +0 spear
rCold    . . .     Faith    .   (no shield)
rNeg     . . .     Spirit   .   b - +0 leather armour
rPois    .         Reflect  .   c - +0 helmet
rElec    .         Harm     .   o - +0 cloak
rCorr    .         Rampage  .   (no gloves)
Will     .....                  (no boots)
Stlth    +.........             (no amulet)
HPRegen  0.12/turn              (no ring)
MPRegen  0.09/turn              (no ring)

@: no status effects
A: (nimble swimmer 2), mertail
a: no special abilities


You were on level 2 of the Dungeon.
You visited 1 branch of the dungeon, and saw 3 of its levels.

You collected 111 gold pieces.

Inventory:

Hand Weapons
 a - a +0 trident
 e - a +0 spear (weapon)
Missiles
 d - 3 throwing nets (quivered)
Armour
 b - a +0 leather armour (worn)
 c - a +0 helmet (worn)
 i - a +2 tower shield
 o - a +0 cloak (worn)
Wands
 m - a wand of flame (16)
Scrolls
 f - 3 scrolls of teleportation {unknown}
 g - a scroll of enchant armour {unknown}
 h - 4 scrolls of identify {unknown}
 j - a scroll of vulnerability {unknown}
 k - 2 scrolls of immolation {unknown}
 l - a scroll of blinking {unknown}
 n - a scroll of noise {unknown}
 p - a scroll of silence {unknown}
 r - a scroll of holy word {unknown}
Potions
 q - a potion of might {unknown}


   Skills:
 - Level 2.1 Fighting
 * Level 7.9 Polearms
 - Level 2.0 Throwing
 - Level 4.0 Dodging
 + Level 2.0 Shields


You had 4 spell levels left.
You didn't know any spells.
Your spell library contained the following spells:

 Spells                   Type           Power      Damage    Failure   Level
 Beastly Appendage        Tmut           0%         N/A       50%         1
 Wereblood                Tmut           0%         N/A       65%         2
 Spider Form              Tmut/Pois      0%         N/A       86%         3
 Borgnjor's Revivificati  Necr           0%         N/A       100%        8
 Necromutation            Tmut/Necr      0%         N/A       100%        8
 Death's Door             Necr           0%         N/A       100%        9


Dungeon Overview and Level Annotations

Branches:
Dungeon (3/15)

Altars:
Makhleb

Annotations:
D:3 2 transporters, Natasha


Innate Abilities, Weirdness & Mutations

((You are quick and stealthy near water. (Stealth+, EV+, Speed+++)))
Your lower body shifts to a powerful aquatic tail in water.


Message History

The iron imp is almost dead.
The iron imp hits you!
You completely miss the iron imp.
The iron imp is almost dead.
You hit the iron imp but do no damage.
The iron imp is almost dead.
The iron imp hits you.
You hit the iron imp.
You kill the iron imp!
Your Shields skill increases to level 2!
The iron imp hits you!
* * * LOW HITPOINT WARNING * * *
The iron imp hits you.
* * * LOW HITPOINT WARNING * * *
You hit the iron imp.
The iron imp is moderately wounded.
The iron imp misses you. x2
You closely miss the iron imp.
The iron imp is moderately wounded.
You hit the iron imp.
The iron imp is heavily wounded.
The iron imp barely misses you. x2
You closely miss the iron imp.
The iron imp is heavily wounded.
You barely miss the iron imp.
The iron imp is heavily wounded.
The iron imp hits you but does no damage.
The iron imp lashes its tail.
The iron imp misses you.
You hit the iron imp but do no damage.
The iron imp is heavily wounded.
The iron imp hits you!
* * * LOW HITPOINT WARNING * * *
You hit the iron imp.
The iron imp is severely wounded.
The iron imp hits you but does no damage.
You hit the iron imp but do no damage.
The iron imp is severely wounded.
The iron imp hits you!
You die...

#.# #.. #.# #.# #.# #.#
########## #.# ########## #..
#........# #.# #........# #..
#.######.###.## #.######.# #..
#.# #......###.# #.# #.# #.#
###....5##.######.# #.. ##.####
##..)5@......##.# #.. ......#
##...##.###.##.# #.# ##.#..#
#..###.# #.##.# #.# ##.#.# #.##
#.###.##.# #.# #.#.# ##'##
#........## #.# ###.#.#
##...#######.....# #.# ......#
##.>...## #####.# #.# ###.###
##.......## ##.##.####..
##...####.........####.........##


You could see 2 iron imps.

Vanquished Creatures
  Crazy Yiuf (D:2)
  An iron imp (D:2)
  Natasha (D:3)
  An adder (D:2)
  3 dart slugs
  5 bats
  10 endoplasms
  5 giant cockroaches (D:1)
  5 hobgoblins
  6 jackals
  5 kobolds
  4 quokkas
  A ball python (D:2)
  4 frilled lizards
  4 goblins
  4 rats (D:1)
60 creatures vanquished.

Notes
Turn   | Place    | Note
-------+----------+-------------------------------------------
     0 | D:1      | Naeght the Merfolk Gladiator began the quest for the Orb.
     0 | D:1      | Reached XP level 1. HP: 16/16 MP: 1/1
   123 | D:1      | Reached skill level 5 in Polearms
   124 | D:1      | Reached XP level 2. HP: 13/22 MP: 2/2
   632 | D:1      | Reached skill level 6 in Polearms
   632 | D:1      | Reached XP level 3. HP: 23/27 MP: 3/3
  1672 | D:2      | Reached XP level 4. HP: 33/33 MP: 4/4
  1913 | D:2      | Reached skill level 1 in Shields
  2324 | D:2      | Found a runed translucent door.
  2325 | D:2      | Noticed Crazy Yiuf
  2469 | D:2      | Killed Crazy Yiuf
  2470 | D:2      | Reached skill level 7 in Polearms
  2727 | D:3      | Noticed Natasha
  2743 | D:3      | Killed Natasha
  2744 | D:3      | Reached XP level 5. HP: 21/38 MP: 5/5
  3193 | D:3      | Found a transporter.
  3260 | D:3      | Found a transporter.
  3314 | D:3      | Noticed Natasha
  3316 | D:3      | Found a burning altar of Makhleb.
  3916 | D:2      | Mangled by an iron imp

Illustrated notes

Levels and vault maps discovered:
D:1:      psy_arrival_statuary, layout_rooms
D:2:      layout_loops_corners, uniq_crazy_yiuf_cottage
D:3:      gammafunk_wand_slinger, layout_basic, demons_altar,
          chequers_serial_rivers_small_a, minmay_splitting_lines, uniq_natasha,
          uniq_robin

Skill      XL: |  1  2  3  4  5 |
---------------+----------------+-----
Polearms       | 5 6 7 |  7.9
Shields        | 1 2 |  2.0
Fighting       | |  2.1
Throwing       | |  2.0
Dodging        | |  4.0

Action                   |  1- 3 |  4- 6 || total
-------------------------+-------+-------++-------
Melee: Spear             |   135 |   142 ||   277
       Trident           |    10 |       ||    10
Throw: Throwing net      |       |     2 ||     2
 Stab: Sleeping          |     3 |       ||     3
Armor: Leather armour    |    31 |    24 ||    55
Dodge: Dodged            |    70 |    77 ||   147
